Map: Ultralove

Players

wootwoot - Winner!

  • Race: Zerg Zerg
  • League: Diamond
  • Spawn Location: 7:00

llllllllllll

  • Race: Terran Terran
  • League: Diamond
  • Spawn Location: 1:00

VOD

Have the link to the VOD?

Description

Time

  • Played on: April 22, 2025, 6:11 a.m.
  • Length: 4:54
Show
View Real Time Build Order
Export as new Build Order

wootwoot Zerg - Winner!

Build Orders: Pool First 

Get SALT Encoding   

  12  0:00  Drone  
  13  0:12  Overlord  
  13  0:16  Drone  
  14  0:31  Drone x2  
  16  0:46  Drone  
  16  0:47  Spawning Pool, Drone  
  17  0:50  Extractor  
  17  0:52  Extractor  
  15  0:58  Drone  
  16  1:09  Drone  
  17  1:30  Hatchery  
  17  1:31  Evolution Chamber  
  16  1:34  Roach Warren  
  16  1:39  Overlord  
  15  2:14  Roach x3  
  21  2:26  Roach  
  23  2:33  Ravager x3  
  26  2:46  Ravager  
  27  3:03  Hatchery, Queen  
  28  3:08  Drone  
  28  3:12  Drone  
  30  3:23  Overlord  
  30  3:40  Drone x2  
  29  3:43  Drone  
  29  3:44  Queen  
  32  3:52  Drone  
  33  4:03  Drone  
  34  4:16  Drone x2  
  34  4:17  Drone x2  
  38  4:19  Drone  
  39  4:28  Drone  
  39  4:29  Drone  
  41  4:38  Drone  
Show
View Real Time Build Order
Export as new Build Order

llllllllllll Terran 

Build Orders:  

Get SALT Encoding   

  12  0:00  SCV  
  13  0:13  SCV  
  14  0:19  Supply Depot  
  14  0:25  SCV  
  15  0:31  Refinery  
  15  0:41  SCV  
  16  0:46  Engineering Bay  
  16  1:01  Barracks  
  16  1:08  SCV  
  17  1:20  SCV  
  18  1:39  SCV  
  19  1:55  Factory  
  19  1:57  Orbital Command  
  19  2:02  Refinery  
  19  2:03  Supply Depot  
  19  2:14  Reaper  
  20  2:23  SCV  
  21  2:34  Command Center  
  21  2:40  Factory Tech Lab  
  21  2:47  SCV  
  21  2:48  Marine  
  23  2:58  Siege Tank  
  23  3:01  Bunker  
  26  3:06  SCV  
  26  3:11  Supply Depot, Marine  
  29  3:20  SCV  
  28  3:31  Siege Tank  
  27  3:48  Orbital Command  
  25  3:57  Supply Depot  
  25  3:59  SCV  
  25  4:02  Supply Depot  
  20  4:18  SCV  
  21  4:24  Supply Depot  
  21  4:28  Supply Depot  
Tags
 
Matchup
TvZ
Opening
Pool First
Replay Pack
#1B2M-Replays
Spawn Locations
Cross Positions
Add a new tag
Caveats
  • Supply blocks, unpowered buildings, or Contaminate may cause inaccurate times.
  • Supply counts are checked every 10 seconds.